 Dungeon Crawl Stone Soup version 0.31.0-11-ge490571c62 (webtiles) character file.

Game seed: 12484454467974306780

11141 Gadfly the Grappler (level 11, -7/92 HPs)
             Began as a Demonspawn Monk on Feb 5, 2024.
             Was a Priest of Ru.
             Mangled by an ettin
             ... wielding a +0 dire flail
              (9 damage)
             ... on level 10 of the Dungeon.
             The game lasted 00:19:24 (10483 turns).

Gadfly the Grappler (Demonspawn Monk)              Turns: 10483, Time: 00:19:24

Health: -7/92      AC: 19    Str: 21    XL:     11   Next: 45%
Magic:  11/11      EV: 17    Int: 16    God:    Ru [***...]
Gold:   332        SH:  0    Dex: 19    Spells: 4/10 levels left

rFire   . .          .
                       - Unarmed
rCold   . . .        (no shield)
rNeg    . . .        G - +4 robe of Augmentation {Str+4 Int+4 Dex+4}
rPois   .            j - +0 helmet
rElec   .            (no cloak)
rCorr   .            (no gloves)
SInv    .            w - +0 pair of boots
Will    ++...        a - amulet "Gunibeab" {Acrobat Will+ Int+4} Stlth
                     g - +4 ring of protection
HPRegen 0.35/turn    o - +4 ring of protection
MPRegen 0.12/turn

%: acrobat
@: marked
A: claws 1, rugged brown scales 3, demonic guardian 1, spiny 1, no stealth,
inability to train armour, no hexes magic, no ice magic, no summoning magic,
dopey 1, strong-willed 1, robust 1
a: Renounce Religion, Draw Out Power


You were on level 10 of the Dungeon.
You worshipped Ru.
Ru was most pleased with you.
You visited 3 branches of the dungeon, and saw 13 of its levels.
You also visited: Sewer.

You collected 640 gold pieces.
You spent 308 gold pieces at shops.

Inventory:

Hand Weapons
 b - the +6 whip "Faez" {venom, Dex+3}
   (You found it on level 4 of the Dungeon)

   Dex+3:     It affects your dexterity (+3).
 I - a +3 falchion of electrocution
Armour
 c - an orb of light
 j - a +0 helmet (worn)
 r - a +3 leather armour
 w - a +0 pair of boots (worn)
 G - the +4 robe of Augmentation (worn) {Str+4 Int+4 Dex+4}
   (You found it on level 7 of the Dungeon)

   Str+4:     It affects your strength (+4).
   Int+4:     It affects your intelligence (+4).
   Dex+4:     It affects your dexterity (+4).
Jewellery
 a - the amulet "Gunibeab" (around neck) {Acrobat Will+ Int+4}
   (You found it on level 3 of the Dungeon)

   [amulet of the acrobat]

   Acrobat:   It increases your evasion while moving and waiting.
   Int+4:     It affects your intelligence (+4).
   Will+:     It increases your willpower.
 g - a +4 ring of protection (left claw)
 o - a +4 ring of protection (right claw)
 A - an amulet of regeneration
 C - a ring of poison resistance
 D - the amulet of Optimism {Acrobat Dex+3}
   (You found it on level 11 of the Dungeon)

   [amulet of the acrobat]

   Acrobat:   It increases your evasion while moving and waiting.
   Dex+3:     It affects your dexterity (+3).
Talismans
 z - a granite talisman
Wands
 k - a wand of flame (24) (quivered)
 v - a wand of charming (8)
 x - a wand of light (4)
 B - a wand of roots (22)
Scrolls
 l - a scroll of fog
 p - 2 scrolls of revelation
 u - 3 scrolls of butterflies
 y - a scroll of teleportation
 E - a scroll of identify
Potions
 d - 2 potions of cancellation
 e - a potion of berserk rage
 f - 3 potions of curing
 h - 3 potions of ambrosia
 i - 3 potions of haste
 m - a potion of enlightenment
 n - 4 potions of attraction
 q - a potion of mutation
 s - a potion of might


   Skills:
 * Level 5.1 Fighting
 * Level 7.6 Dodging
 + Level 9.2 Unarmed Combat
 - Level 8.9 Evocations
 * Level 7.9 Shapeshifting


You had 4 spell levels left.
You knew the following spells:

 Your Spells              Type           Power      Damage    Failure   Level
a - Ozocubu's Armour      Ice            0%         N/A       58%         3
b - Fugue of the Fallen   Necr           0%         N/A       58%         3

Your spell library contained the following spells:

 Spells                   Type           Power      Damage    Failure   Level
 Sting                    Conj/Alch      0%         1d3       26%         1
 Mercury Vapours          Alch/Air       0%         N/A       36%         2
 Manifold Assault         Tloc           0%         N/A       94%         4
 Olgreb's Toxic Radiance  Alch           0%         N/A       94%         4
 Irradiate                Conj/Alch      0%         3d11      100%        5
 Ignition                 Fire           0%         3d3       100%        8
 Freeze                   Ice            Unusable   1d3       N/A         1
 Frozen Ramparts          Ice            Unusable   1d1       N/A         3
 Hailstorm                Conj/Ice       Unusable   3d5       N/A         3
 Inner Flame              Hex/Fire       Unusable   N/A       N/A         3

Dungeon Overview and Level Annotations

Branches:
Dungeon (11/15)            Temple (1/1) D:6            Lair (1/5) D:11
    Orc (0/2) D:9           Sewer (visited)

Altars:
Ashenzari
Cheibriados
Dithmenos
Fedhas
Gozag
Hepliaklqana
Kikubaaqudgha
Makhleb
Nemelex Xobeh
Okawaru
Qazlal
Ru
Sif Muna
Trog
Uskayaw
Vehumet
Wu Jian
Xom
Yredelemnul

Shops:
D:4 *   D:6 !   D:10 !!

Annotations:
D:7 3 runed translucent doors, Biggs's ghost, novice TrFi


Innate Abilities, Weirdness & Mutations

You have sharp fingernails.
You are completely covered in rugged brown scales. (AC +3, +7% HP)
A weak demonic guardian rushes to your aid.
You are partially covered in sharp spines.
You cannot be stealthy.
You cannot train Armour skill.
You cannot study or cast Hexes magic.
You cannot study or cast Ice magic.
You cannot study or cast Summoning magic.
You are dopey. (Int -2)
You are strong-willed. (Will+)
You are robust. (+10% HP)


Message History

The ettin hits you with a +0 dire flail of holy wrath!!
You convulse!
You climb upwards.
There is a stone staircase leading down here.
You scratch the ettin.
The ettin is lightly wounded.
The ettin completely misses you.
The ettin hits you with a +0 dire flail of holy wrath!
* * * LOW HITPOINT WARNING * * *
You convulse.
* * * LOW HITPOINT WARNING * * *
You feel much better.
The ettin hits you with a +0 dire flail!
A demonic guardian appears!
The ettin completely misses you.
Aiming: Bolt of Light
Press: ? - help, Shift-Dir - straight line, f - ettin
Aim: an ettin, wielding a +0 dire flail and a +0 dire flail of holy wrath (lightly wounded, ally target, 94% to hit)
The bolt of light hits the ettin.
The ettin is lightly wounded.
The ettin is blinded.
The ettin is struck by your spines. The ettin closely misses you. x2
You scratch the ettin but do no damage.
The ettin is lightly wounded.
The ettin is struck by your spines. The ettin misses you.
The ettin barely misses you.
You strike the helpless ettin from behind!
You scratch the ettin but do no damage.
The ettin is moderately wounded.
The ettin completely misses you. The ettin misses you.
You scratch the ettin but do no damage.
The ettin is moderately wounded.
You strike the helpless ettin from behind!
You claw the ettin!
The ettin is heavily wounded.
The ettin is struck by your spines.
The ettin hits you with a +0 dire flail.
The ettin hits you with a +0 dire flail of holy wrath!!
* * * LOW HITPOINT WARNING * * *
You convulse!
You die...

# #.#####.###.#.#
####...........#.#
...............#.#
######.###.##.##.###########
#
#..#####..............######
#######.##
####.#########.......
........∩# #.# ########
#######.## #5# ##.# #@#
######..########C#
.................#
##################


You could see an ettin (blind, unable to see you, ally target) and a friendly
quasit (summoned).

Vanquished Creatures
  A two-headed ogre (D:9)
  A deep elf pyromancer (D:7)
  An elephant (D:11)
  An ugly thing (D:11)
  Joseph (D:9)
  Maggie (D:6)
  2 unseen horrors
  3 komodo dragons
  3 kobold demonologists
  Psyche (D:9)
  A troll (D:11)
  Sigmund (D:3)
  A wyvern (D:10)
  A vampire (D:10)
  8 yaks
  2 wraiths (D:11)
  Menkaure (D:6)
  Edmund (D:6)
  A water moccasin (D:11)
  3 black bears
  3 ice beasts
  3 orc warriors
  Pargi (Sewer)
  An ogre (D:6)
  3 centaurs
  A phantom (D:5)
  4 kobold brigands
  A brain worm (Sewer)
  A gnoll sergeant (D:10)
  3 bullfrogs
  5 scorpions
  7 wights
  A howler monkey (D:6)
  A jelly (D:5)
  4 hounds
  A bombardier beetle (D:5)
  7 orc priests
  A sleepcap (D:6)
  2 iguanas
  Terence (D:3)
  13 orc wizards
  7 adders
  6 gnolls
  A river rat (D:6)
  A white imp (D:8)
  2 ufetubi (D:6)
  A dart slug (D:5)
  27 orcs
  5 bats
  4 endoplasms
  3 giant cockroaches
  5 goblins
  A hobgoblin (D:1)
  2 jackals (D:4)
  6 quokkas
  9 ball pythons
  2 frilled lizards (Sewer)
  8 kobolds
  4 rats
193 creatures vanquished.

Vanquished Creatures (collateral kills)
  An ice beast (D:8)
  An adder (D:3)
  A frilled lizard (D:3)
  A rat (D:3)
4 creatures vanquished.

Vanquished Creatures (others)
  A two-headed ogre (D:10)
1 creature vanquished.

Grand Total: 198 creatures vanquished

Notes
Turn   | Place    | Note
-------+----------+-------------------------------------------
     0 | D:1      | Gadfly the Demonspawn Monk began the quest for the Orb.
     0 | D:1      | Reached XP level 1. HP: 18/18 MP: 1/1
   686 | D:2      | Gained mutation: A weak demonic guardian rushes to your
                  | aid. [demonic ancestry]
   686 | D:2      | Reached XP level 2. HP: 24/24 MP: 2/2
   870 | D:2      | Reached skill level 1 in Evocations
  1176 | D:3      | Reached skill level 3 in Unarmed Combat
  1271 | D:3      | Found a sparkling altar of Nemelex Xobeh.
  1309 | D:3      | Reached skill level 1 in Shapeshifting
  1323 | D:3      | Reached XP level 3. HP: 29/29 MP: 3/3
  1755 | D:3      | Noticed Sigmund
  1756 | D:3      | Noticed Terence
  1770 | D:3      | Killed Sigmund
  1771 | D:3      | Reached XP level 4. HP: 32/35 MP: 4/4
  1771 | D:3      | Gained mutation: You are partially covered in sharp spines.
                  | [demonic ancestry]
  1771 | D:3      | Reached XP level 5. HP: 38/41 MP: 5/5
  1775 | D:3      | Killed Terence
  1776 | D:3      | Found a shimmering altar of Xom.
  1858 | D:3      | Identified the amulet "Gunibeab" {Acrobat Will+ Int+4}
  2040 | D:3      | Learned a level 3 spell: Ozocubu's Armour
  2229 | D:4      | Found Zin's Purification Station.
  2241 | D:4      | Reached skill level 4 in Unarmed Combat
  2241 | D:4      | Reached XP level 6. HP: 42/47 MP: 6/6
  2366 | D:4      | Identified the +6 whip "Faez" {venom, Dex+3}
  2708 | D:5      | Entered Level 5 of the Dungeon
  3141 | D:5      | Gained mutation: You have sharp fingernails. [demonic
                  | ancestry]
  3141 | D:5      | Reached XP level 7. HP: 36/52 MP: 7/7
  3828 | D:5      | Found a bloodstained altar of Trog.
  3849 | D:6      | Found Geyni's Distillery.
  3852 | D:6      | Bought a potion of heal wounds for 70 gold pieces
  3852 | D:6      | Bought a potion of mutation for 112 gold pieces
  3927 | D:6      | Found a staircase to the Ecumenical Temple.
  3937 | D:6      | Reached skill level 5 in Unarmed Combat
  3952 | Temple   | Entered the Ecumenical Temple
  3961 | Temple   | Became a worshipper of Ru the Awakened
  3965 | Temple   | Gained mutation: You cannot be stealthy. [Ru sacrifice]
  4009 | D:6      | Found a glowing drain.
  4024 | Sewer    | Entered a sewer
  4048 | Sewer    | Noticed Pargi
  4057 | Sewer    | Killed Pargi
  4058 | Sewer    | Gained mutation: You are partially covered in rugged brown
                  | scales. (AC +1, +3% HP) [demonic ancestry]
  4058 | Sewer    | Reached XP level 8. HP: 45/59 MP: 8/8
  4346 | D:6      | Reached skill level 5 in Evocations
  4410 | D:6      | Noticed Edmund
  4425 | D:6      | Killed Edmund
  4494 | D:6      | Noticed Maggie
  4503 | D:6      | Killed Maggie
  4504 | D:6      | Reached skill level 6 in Unarmed Combat
  4513 | D:6      | Reached skill level 5 in Shapeshifting
  4517 | D:6      | Reached XP level 9. HP: 50/64 MP: 9/9
  4733 | D:6      | Reached skill level 5 in Dodging
  4799 | D:6      | Noticed Menkaure
  4806 | D:6      | Killed Menkaure
  5055 | D:6      | Found a hazy altar of Hepliaklqana.
  5064 | D:6      | Found an ornate altar of the Wu Jian Council.
  5253 | D:7      | Noticed a kobold demonologist
  5258 | D:7      | Killed a kobold demonologist
  5305 | D:7      | Found a radiant altar of Vehumet.
  5483 | D:7      | Found a runed translucent gate.
  5483 | D:7      | Found a runed translucent gate.
  5483 | D:7      | Found a runed translucent gate.
  5486 | D:7      | Found an opulent altar of Gozag.
  5487 | D:7      | Noticed a gargoyle
  5487 | D:7      | Noticed Biggs's ghost (novice TrFi)
  5488 | D:7      | Noticed a cyclops
  5564 | D:7      | Found the +4 robe of Augmentation {Str+4 Int+4 Dex+4}
  5643 | D:7      | Noticed a deep elf pyromancer
  5658 | D:7      | Killed a deep elf pyromancer
  5659 | D:7      | Reached skill level 7 in Unarmed Combat
  5833 | D:7      | Identified the +1 scale mail "Tawkam" {-Tele ^Contam
                  | Will+++ Regen+}
  5910 | D:7      | Gained mutation: You cannot study or cast Ice magic. [Ru
                  | sacrifice]
  5910 | D:7      | Gained mutation: You cannot study or cast Hexes magic. [Ru
                  | sacrifice]
  5910 | D:7      | Gained mutation: You cannot study or cast Summoning magic.
                  | [Ru sacrifice]
  5910 | D:7      | Reached * piety under Ru
  5910 | D:7      | Reached ** piety under Ru
  6927 | D:8      | Learned a level 3 spell: Fugue of the Fallen
  6956 | D:9      | Found a stormy altar of Qazlal.
  7022 | D:9      | Gained mutation: You are mostly covered in rugged brown
                  | scales. (AC +2, +5% HP) [demonic ancestry]
  7022 | D:9      | Reached XP level 10. HP: 57/73 MP: 10/10
  7160 | D:9      | Found a basalt altar of Yredelemnul.
  7160 | D:9      | Noticed a two-headed ogre
  7174 | D:9      | Killed a two-headed ogre
  7266 | D:9      | Found a staircase to the Orcish Mines.
  7354 | D:9      | Noticed Joseph
  7368 | D:9      | Killed Joseph
  7369 | D:9      | Reached skill level 8 in Unarmed Combat
  7480 | D:9      | Noticed Psyche
  7503 | D:9      | Killed Psyche
  7912 | D:10     | Entered Level 10 of the Dungeon
  7928 | D:10     | Noticed a rust devil
  8320 | D:10     | Found Oniyph's Distillery.
  8359 | D:10     | Gained mutation: You cannot train Armour skill. [Ru
                  | sacrifice]
  8359 | D:10     | Reached *** piety under Ru
  8510 | D:10     | Gained mutation: You have a somewhat thin skeletal
                  | structure. (Dex +2, Stealth+) [potion of mutation]
  8510 | D:10     | Gained mutation: Your spells are a little harder to cast,
                  | but a little more powerful. [potion of mutation]
  8511 | D:10     | Lost mutation: You have a somewhat thin skeletal structure.
                  | (Dex +2, Stealth+) [potion of mutation]
  8511 | D:10     | Lost mutation: Your spells are a little harder to cast, but
                  | a little more powerful. [potion of mutation]
  8511 | D:10     | Gained mutation: You have hidden genetic defects. [potion
                  | of mutation]
  8511 | D:10     | Gained mutation: You are robust. (+10% HP) [potion of
                  | mutation]
  8511 | D:10     | Gained mutation: You are very robust. (+20% HP) [potion of
                  | mutation]
  8512 | D:10     | Lost mutation: You have hidden genetic defects. [potion of
                  | mutation]
  8512 | D:10     | Lost mutation: You are very robust. (+20% HP) [potion of
                  | mutation]
  8512 | D:10     | Gained mutation: You are dopey. (Int -2) [potion of
                  | mutation]
  8512 | D:10     | Gained mutation: You are strong-willed. (Will+) [potion of
                  | mutation]
  8917 | D:10     | Gained mutation: You are completely covered in rugged brown
                  | scales. (AC +3, +7% HP) [demonic ancestry]
  8917 | D:10     | Reached XP level 11. HP: 80/87 MP: 11/11
  8971 | D:10     | Found Bexyrheq's Distillery.
  8981 | D:10     | Bought a potion of might for 56 gold pieces
  8981 | D:10     | Bought a potion of heal wounds for 70 gold pieces
  9193 | D:10     | Noticed a two-headed ogre
  9199 | D:10     | Killed a two-headed ogre
  9410 | D:11     | Reached skill level 9 in Unarmed Combat
  9696 | D:11     | Identified the amulet of Optimism {Acrobat Dex+3}
  9761 | D:11     | Noticed a green ugly thing
  9769 | D:11     | Killed a green ugly thing
  9921 | D:11     | Noticed a tengu reaver
  9921 | D:11     | Noticed an ettin
  9921 | D:11     | Noticed an ettin
  9921 | D:11     | Noticed a stone giant
 10355 | D:11     | Found a staircase to the Lair.
 10415 | Lair:1   | Entered Level 1 of the Lair of Beasts
 10432 | Lair:1   | Reached skill level 5 in Fighting
 10483 | D:10     | HP: 2/92 [ettin/+0 dire flail (32)]
 10483 | D:10     | Mangled by an ettin

Illustrated notes

Levels and vault maps discovered:
D:1:      dpeg_arrival_lava_temple_mockup, layout_rooms, minmay_misc_feat_tiny,
          minivault_4, grunt_decor_clamped
D:2:      layout_rooms
D:3:      layout_loops_ring, mainiacjoe_overflow_six_doors_small,
          overflow_temple_1_default, corner_web_ring, grunt_decor_junction,
          uniq_sigmund, uniq_terence
D:4:      layout_basic, zin_purify
D:5:      layout_basic, mainiacjoe_overflow_alcove_4, nicolae_underground_beach
D:6:      layout_loops_corners, jmf_multi_god_temple2,
          nicolae_elyvilon_temple_path, minmay_temple_entry_stoned_glass,
          serial_shops, shop, portal_sewer_entry_a,
          minmay_a_box_with_orc_wizards_in_it, uniq_menkaure, uniq_edmund,
          uniq_maggie
D:7:      layout_gridville, mainiacjoe_overflow_brackets, ebering_ghost_gozag,
          guppyfry_early_elven_hall
D:8:      layout_basic
D:9:      layout_small_grid, mainiacjoe_overflow_concentric_impassable,
          yredelemnul_altar_generic, david_orc_2, uniq_joseph, uniq_psyche
D:10:     layout_loops_ring, serial_shops, nicolae_shop_waterfront,
          nicolae_shop_just_a_little_nook, nzn_life_drinkers
D:11:     layout_loops_ring, grunt_lair_entry_orc_guard_hut,
          minmay_variable_closet, minivault_25_ag
Temple:   nicolae_temple_ecumenical_triangle
Lair:1:   layout_layer_cave, grunt_megastairs_1

Skill      XL: |  1  2  3  4  5  6  7  8  9 10 11 |
---------------+----------------------------------+-----
Evocations     | 1 2 3 4 6 7 8 |  8.9
Unarmed Combat | 3 4 5 6 7 8 9 |  9.2
Shapeshifting  | 1 2 3 5 6 7 |  7.9
Dodging        | 3 4 5 6 7 |  7.6
Fighting       | 5 |  5.1

Action                     |  1- 3 |  4- 6 |  7- 9 | 10-12 || total
---------------------------+-------+-------+-------+-------++-------
  Melee: Unarmed           |   106 |       |    33 |   160 ||   299
         Dagger            |    12 |    55 |       |       ||    67
         Whip              |       |    28 |   153 |    60 ||   241
         Demon whip        |       |       |     6 |       ||     6
         Falchion          |       |       |       |    46 ||    46
         Punch             |       |       |       |     1 ||     1
 Invoke: Sacrifice Stealth |       |       |     1 |       ||     1
         Sacrifice Arcana  |       |       |     1 |       ||     1
         Sacrifice Durabil |       |       |       |     1 ||     1
  Evoke: Wand              |       |       |       |     4 ||     4
    Use: Scroll            |     4 |     2 |    11 |     2 ||    19
         Potion            |     1 |     1 |     2 |     4 ||     8
   Stab: Invisible         |       |       |       |     2 ||     2
 Armour: Robe              |    58 |    32 |    39 |   149 ||   278
         Troll leather arm |       |       |    56 |       ||    56
  Dodge: Dodged            |    86 |    45 |   163 |   166 ||   460
